 Dungeon Crawl Stone Soup version 0.30-a0-360-g447f08457e (webtiles) character file.

Game seed: 8999960401795163392

11700 Bnni the Spear-Bearer (level 11, -3/96 HPs)
             Began as a Demonspawn Gladiator on Nov 13, 2022.
             Was a Follower of Yredelemnul.
             Splashed by a brown ugly thing's acid (7 damage)
             ... on level 14 of the Dungeon.
             The game lasted 00:17:07 (11579 turns).

Bnni the Spear-Bearer (Demonspawn Gladiator)       Turns: 11579, Time: 00:17:08

Health: -3/96      AC:  6    Str: 20    XL:     11   Next: 52%
Magic:  19/19      EV:  6    Int: 15    God:    Yredelemnul [*.....]
Gold:   672        SH:  0    Dex: 14    Spells: 10/10 levels left

rFire   + . .      SeeInvis .    d - +4 quarterstaff (speed)
rCold   . . .      Faith    .    (shield currently unavailable)
rNeg    . . .      Spirit   .    O - +1 plate armour {rF+}
rPois   .          Reflect  .    y - +2 helmet of the Cooper {Will+}
rElec   .          Harm     .    k - +0 cloak
rCorr   .          Rampage  .    (no gloves)
Will    ++...                    (no boots)
Stlth   ..........               (no amulet)
HPRegen 0.36/turn                u - +6 ring of intelligence
MPRegen 0.16/turn                c - ring of willpower

@: mighty, corroded, invisible
A: rugged brown scales 3, demonic magic 1, demonic touch 2
a: Renounce Religion, Recall Undead Harvest


You were on level 14 of the Dungeon.
You worshipped Yredelemnul.
Yredelemnul was aware of your devotion.
You visited 1 branch of the dungeon, and saw 12 of its levels.

You collected 672 gold pieces.

Inventory:

Hand Weapons
 a - a +0 trident
 d - a +4 quarterstaff of speed (weapon)
 K - a +2 dagger of venom
Missiles
 b - 61 poisoned darts (quivered)
 e - a javelin
 f - 4 curare-tipped darts
Armour
 k - a +0 cloak (worn)
 y - the +2 helmet of the Cooper (worn) {Will+}
   (You found it on level 4 of the Dungeon)

   Will:      It increases your willpower.
 O - a +1 plate armour of fire resistance (worn)
Jewellery
 c - a ring of willpower (right hand)
 u - a +6 ring of intelligence (left hand)
Wands
 M - a wand of mindburst (3)
Scrolls
 g - 2 scrolls of magic mapping
 h - 4 scrolls of immolation
 l - 4 scrolls of blinking {unknown}
 n - a scroll of brand weapon {unknown}
 q - 2 scrolls of teleportation {unknown}
 v - a scroll of vulnerability {unknown}
 w - 2 scrolls of amnesia {unknown}
 x - a scroll of silence {unknown}
 z - a scroll of identify
 A - 2 scrolls of enchant weapon {unknown}
 D - 2 scrolls of acquirement {unknown}
 F - 4 scrolls of poison
 G - a scroll of enchant armour {unknown}
 H - a scroll of fear {unknown}
 N - a scroll of summoning {unknown}
Potions
 i - a potion of attraction
 m - 5 potions of flight
 o - 4 potions of heal wounds
 p - a potion of haste
 r - 4 potions of mutation
 s - a potion of might
 t - 3 potions of cancellation {unknown}
 B - a potion of resistance {unknown}
 C - a potion of lignification
 E - 4 potions of curing
 I - a potion of brilliance {unknown}
 J - 2 potions of magic {unknown}
 L - a potion of ambrosia {unknown}


   Skills:
 + Level 9.8 Fighting
 * Level 12.5 Polearms
 - Level 1.7 Throwing
 - Level 2.6 Dodging
 + Level 11.2 Invocations


You had 10 spell levels left.
You didn't know any spells.
Your spell library contained the following spells:

 Spells                   Type           Power      Damage    Failure   Level
 Foxfire                  Conj/Fire      0%         2x1d4     100%        1
 Magic Dart               Conj           0%         1d3       100%        1
 Shock                    Conj/Air       0%         1d3       100%        1
 Cigotuvi's Dreadful Rot  Necr/Pois/Air  0%         N/A       100%        2
 Poisonous Vapours        Pois/Air       0%         N/A       100%        2
 Searing Ray              Conj           0%         2d4       100%        2
 Gell's Gravitas          Tloc           0%         N/A       100%        3
 Lesser Beckoning         Tloc           0%         N/A       100%        3
 Mephitic Cloud           Conj/Pois/Air  0%         N/A       100%        3
 Swiftness                Air            0%         N/A       100%        3
 Teleport Other           Tloc           0%         N/A       100%        3
 Airstrike                Air            0%         2d(0-16)  100%        4
 Fulminant Prism          Conj/Hex       0%         3d5       100%        4
 Fireball                 Conj/Fire      0%         3d3       100%        5
 Summon Forest            Summ/Tloc      0%         N/A       100%        5
 Summon Mana Viper        Hex/Summ       0%         N/A       100%        5
 Starburst                Conj/Fire      0%         6d3       100%        6
 Summon Cactus Giant      Summ           0%         N/A       100%        6


Dungeon Overview and Level Annotations

Branches:
Dungeon (11/15)            Temple (0/1) D:4            Lair (0/5) D:9
    Orc (0/2) D:9

Altars:
Ashenzari
Cheibriados
Okawaru
Ru
Sif Muna
Uskayaw
Vehumet
Xom
Yredelemnul
Jiyva

Shops:
D:6 :

Annotations:
D:11 3 runed translucent doors, Ijustatesigmund's ghost, journeyman DENe


Innate Abilities, Weirdness & Mutations

You are completely covered in rugged brown scales. (AC +3, +7% HP)
Spells you cast may paralyse adjacent enemies.
Your touch may inflict irresistible damage on your foes.


Message History

Your ugly thing zombie hits the brown ugly thing but does no damage.
The komodo dragon bites you but does no damage.
You bludgeon the brown ugly thing!!
You kill the brown ugly thing!
You strike the helpless komodo dragon from behind!
You hit the komodo dragon.
The komodo dragon is lightly wounded.
The komodo dragon bites you but does no damage.
You hit the komodo dragon but do no damage.
The komodo dragon is lightly wounded.
Your ugly thing zombie hits the brown ugly thing.
You sock the komodo dragon!
The komodo dragon is heavily wounded.
The komodo dragon bites you but does no damage.
The brown ugly thing pecks you!
You are splashed with acid!
You strike the helpless brown ugly thing from behind!
You thump the brown ugly thing!
The brown ugly thing is moderately wounded.
The komodo dragon bites you!
You sock the brown ugly thing!
The brown ugly thing is moderately wounded.
The brown ugly thing barely misses you.
Your ugly thing zombie hits the brown ugly thing!
You completely miss the brown ugly thing.
The brown ugly thing is heavily wounded.
The komodo dragon barely misses you. The brown ugly thing pecks you.
The acid corrodes you!
You are splashed with acid.
* * * LOW HITPOINT WARNING * * *
You barely miss the brown ugly thing.
The brown ugly thing is heavily wounded.
Your ugly thing zombie closely misses the brown ugly thing.
You thump the brown ugly thing!
The brown ugly thing is severely wounded.
The komodo dragon bites you!!
* * * LOW HITPOINT WARNING * * *
The brown ugly thing pecks you.
* * * LOW HITPOINT WARNING * * *
You are splashed with acid!
You die...
Your body rises from the dead as a mindless zombie.

###############
..............
#............
#............
#....Z.......
#...u@.......
#...l......[.
#............
#............
#............
#.........[..
#............
#............


You could see a brown ugly thing (unable to see you), a komodo dragon (unable to
see you, ally target) and a friendly ugly thing zombie.

Vanquished Creatures
  Harold (D:9)
  Erolcha (D:10)
  Pikel (D:8)
  2 ugly things (D:14)
  Joseph (D:8)
  An unseen horror (D:11)
  2 hornets
  4 trolls
  2 wraiths
  3 wyverns
  6 yaks
  4 vampire mosquitoes (D:10)
  A steam dragon (D:9)
  Menkaure (D:7)
  2 water moccasins
  4 orc warriors
  An ice beast (D:7)
  2 sky beasts (D:7)
  2 black bears (D:9)
  An ogre (D:4)
  4 wolves (D:9)
  3 centaurs
  2 phantoms
  5 kobold brigands
  Blork the orc (D:6)
  3 bullfrogs
  A necrophage (D:6)
  2 scorpions
  2 howler monkeys (D:5)
  A jelly (D:6)
  8 orc priests
  A hound (D:4)
  4 iguanas
  9 orc wizards
  12 adders
  7 gnolls
  A white imp (D:7)
  A worm (D:3)
  2 dart slugs
  29 orcs
  10 bats
  3 endoplasms
  6 giant cockroaches
  7 goblins
  8 hobgoblins
  6 jackals
  A quokka (D:2)
  9 ball pythons
  A frilled lizard (D:1)
  16 kobolds
  4 rats
211 creatures vanquished.

Vanquished Creatures (collateral kills)
  The ghost of b0ghi the Basher, a novice MiFi of Okawaru (D:8)
  2 yaks
  An acid dragon (D:11)
  2 water moccasins
  An orc warrior (D:9)
  A black bear (D:6)
  2 iguanas
  2 orc wizards (D:9)
  5 orcs
  11 kobolds
  A quokka (D:5)
29 creatures vanquished.

Vanquished Creatures (others)
  A vampire mosquito zombie (D:10)
  2 wyvern zombies (D:9)
  2 yak zombies (D:10)
  2 wolf zombies (D:9)
  An ogre zombie (D:10)
  A centaur zombie (D:7)
  A black bear zombie (D:6)
  A scorpion zombie (D:6)
  2 adder zombies (D:5)
  An iguana zombie (D:7)
  A gnoll zombie (D:6)
  9 kobold zombies
  11 orc zombies
  6 fungi
  25 plants
66 creatures vanquished.

Grand Total: 306 creatures vanquished

Notes
Turn   | Place    | Note
-------+----------+-------------------------------------------
     0 | D:1      | Bnni the Demonspawn Gladiator began the quest for the Orb.
     0 | D:1      | Reached XP level 1. HP: 16/16 MP: 1/1
    50 | D:1      | Reached skill level 3 in Polearms
    81 | D:1      | Gained mutation: Your touch may inflict minor irresistible
                  | damage on your foes. [demonic ancestry]
    81 | D:1      | Reached XP level 2. HP: 22/22 MP: 2/2
   329 | D:1      | Reached XP level 3. HP: 28/28 MP: 3/3
  1054 | D:2      | Reached skill level 4 in Polearms
  1085 | D:2      | Gained mutation: Spells you cast may paralyse adjacent
                  | enemies. [demonic ancestry]
  1085 | D:2      | Reached XP level 4. HP: 32/34 MP: 4/4
  1462 | D:2      | Found a faded altar of an unknown god.
  1781 | D:3      | Reached XP level 5. HP: 39/41 MP: 5/5
  1844 | D:3      | Found an iron altar of Okawaru.
  1844 | D:3      | Found a shimmering altar of Xom.
  1987 | D:3      | Found a sacrificial altar of Ru.
  2005 | D:4      | Noticed an ogre
  2013 | D:4      | Killed an ogre
  2014 | D:4      | Reached skill level 5 in Polearms
  2014 | D:4      | Gained mutation: You are partially covered in rugged brown
                  | scales. (AC +1, +3% HP) [demonic ancestry]
  2014 | D:4      | Reached XP level 6. HP: 41/49 MP: 6/6
  2066 | D:4      | Identified the +2 helmet of the Cooper {Will+}
  2503 | D:4      | Found a basalt altar of Yredelemnul.
  2503 | D:4      | Found a radiant altar of Vehumet.
  2505 | D:4      | Found a snail-covered altar of Cheibriados.
  2509 | D:4      | Became a worshipper of Yredelemnul the Dark
  2773 | D:4      | Found a staircase to the Ecumenical Temple.
  3201 | D:5      | Entered Level 5 of the Dungeon
  3231 | D:5      | Reached skill level 1 in Invocations
  3628 | D:5      | Reached skill level 6 in Polearms
  3743 | D:5      | Gained mutation: Your touch may inflict irresistible damage
                  | on your foes. [demonic ancestry]
  3743 | D:5      | Reached XP level 7. HP: 56/56 MP: 8/8
  3879 | D:5      | Reached * piety under Yredelemnul
  4194 | D:6      | Reached skill level 5 in Fighting
  4197 | D:6      | Noticed Blork the orc
  4209 | D:6      | Killed Blork the orc
  4219 | D:6      | Reached skill level 7 in Polearms
  4226 | D:6      | Gained mutation: You are mostly covered in rugged brown
                  | scales. (AC +2, +5% HP) [demonic ancestry]
  4226 | D:6      | Reached XP level 8. HP: 9/65 MP: 10/10
  4227 | D:6      | Reached ** piety under Yredelemnul
  4502 | D:6      | Found a broken altar of Ashenzari.
  4510 | D:6      | Found a faded altar of an unknown god.
  4512 | D:6      | Found a faded altar of an unknown god.
  4514 | D:6      | Found a shimmering blue altar of Sif Muna.
  4631 | D:6      | Identified the +1 ring mail "Tuomic" {Slay+3}
  4752 | D:6      | Found Coitreno's Vocational Training.
  4943 | D:7      | HP: 3/99 [something (6)]
  4959 | D:7      | Reached skill level 5 in Invocations
  5276 | D:7      | Found a hide-covered altar of Uskayaw.
  5295 | D:7      | Reached skill level 8 in Polearms
  5386 | D:7      | Noticed Menkaure
  5390 | D:7      | Killed Menkaure
  5766 | D:7      | Gained mutation: You are completely covered in rugged brown
                  | scales. (AC +3, +7% HP) [demonic ancestry]
  5766 | D:7      | Reached XP level 9. HP: 28/75 MP: 13/13
  6196 | D:8      | Reached skill level 9 in Polearms
  6605 | D:8      | Noticed Joseph
  6633 | D:8      | Killed Joseph
  6885 | D:8      | Noticed Pikel
  6901 | D:8      | Killed Pikel
  7368 | D:8      | Found a large runed translucent door.
  7368 | D:8      | Found a large runed translucent door.
  7370 | D:8      | Noticed b0ghi's ghost (novice MiFi)
  7442 | D:8      | Reached skill level 10 in Polearms
  7452 | D:8      | Reached *** piety under Yredelemnul
  7631 | D:8      | Killed b0ghi's ghost
  7632 | D:8      | Reached XP level 10. HP: 75/85 MP: 7/16
  8170 | D:9      | Found a staircase to the Orcish Mines.
  8432 | D:9      | Found a staircase to the Lair.
  8439 | D:9      | Noticed Harold
  8445 | D:9      | Reached skill level 11 in Polearms
  8455 | D:9      | Killed Harold
  9077 | D:9      | Reached skill level 10 in Invocations
  9190 | D:9      | Reached **** piety under Yredelemnul
  9443 | D:10     | Entered Level 10 of the Dungeon
  9466 | D:9      | Reached XP level 11. HP: 28/95 MP: 18/18
  9910 | D:10     | Noticed Erolcha
  9935 | D:10     | Killed Erolcha
 10051 | D:10     | Reached skill level 12 in Polearms
 10066 | D:10     | Your ally Erolcha died
 11246 | D:11     | Found a runed translucent gate.
 11246 | D:11     | Found a runed translucent gate.
 11246 | D:11     | Found a runed translucent gate.
 11268 | D:11     | Found a viscous altar of Jiyva.
 11268 | D:11     | Noticed Ijustatesigmund's ghost (journeyman DENe)
 11550 | D:11     | You fall into a shaft and drop 3 floors!
 11552 | D:14     | Noticed a brown ugly thing
 11552 | D:14     | Noticed a brown ugly thing
 11553 | D:14     | Noticed a brown ugly thing
 11565 | D:14     | Killed a green ugly thing
 11571 | D:14     | Killed a brown ugly thing
 11579 | D:14     | HP: 4/96 [brown ugly thing (1)]
 11579 | D:14     | Splashed by a brown ugly thing's acid

Illustrated notes

Levels and vault maps discovered:
D:1:      mrwooster_arrival_statue_2, layout_basic, hex_large,
          minmay_fountain_box
D:2:      layout_loops_ring, basic_altar, shapermc_ecumenical_altar_ellora,
          nicolae_eternal_life
D:3:      layout_rooms, nicolae_ru_path_of_blood, lemuel_round_altar,
          gammafunk_temple_overflow_wave
D:4:      layout_basic, grunt_temple_overflow_open, temple_hall, serial_rivers,
          chequers_serial_rivers_small_a, chequers_serial_rivers_small_b,
          chequers_serial_rivers_room_b, chequers_serial_rivers_micro_e,
          chequers_jeans, dk_noncrumbling_2, kennysheep_cluttered_room,
          amcnicky_mini_pool_small, minmay_fractal_squares_diagonal_5
D:5:      layout_gridville
D:6:      layout_rooms, chequers_temple_overflow_minitemple,
          nicolae_shop_vocational, uniq_blork_the_orc
D:7:      layout_basic, nicolae_uskayaw_dance_studio, uniq_menkaure
D:8:      layout_basic, ebering_ghost_disaster_area, lemuel_flamethrower_1,
          uniq_joseph, uniq_pikel
D:9:      layout_roguey, minmay_lair_entry_grove, david_orc_2,
          serial_corexii_hall, chequers_hall_statues_corner_a,
          corexii_hall_statues_u, uniq_harold
D:10:     layout_roguey, uniq_erolcha
D:11:     layout_layer_cave, gammafunk_ghost_ooze
D:14:     layout_long_grid, serial_shops, nicolae_square_shop,
          portal_ice_cave_entry_ice_statue_two, kiku_gazebo_garden_becter

Skill      XL: |  1  2  3  4  5  6  7  8  9 10 11 |
---------------+----------------------------------+-----
Polearms       | 3 4 5 6 7 8 10 11 12 | 12.5
Fighting       | 3 4 5 6 7 9 |  9.8
Invocations    | 1 3 6 8 10 11 | 11.2
Throwing       | |  1.7
Dodging        | |  2.6

Action                   |  1- 3 |  4- 6 |  7- 9 | 10-12 || total
-------------------------+-------+-------+-------+-------++-------
Melee: Trident           |    80 |   172 |   233 |    25 ||   510
       Touch             |     7 |    28 |    42 |     1 ||    78
       Punch             |       |       |     4 |       ||     4
       Quarterstaff      |       |       |    36 |   330 ||   366
Throw: Throwing net      |       |       |     3 |       ||     3
       Dart              |       |       |     1 |     5 ||     6
Invok: Dark Bargain      |       |       |     4 |       ||     4
       Recall Undead Har |       |       |     1 |     1 ||     2
  Use: Scroll            |       |     1 |     6 |     4 ||    11
       Potion            |       |       |     5 |     2 ||     7
 Stab: Sleeping          |     1 |       |       |       ||     1
       Distracted        |       |       |     2 |     2 ||     4
       Invisible         |       |       |       |     6 ||     6
Armor: Leather armour    |    14 |       |       |       ||    14
       Chain mail        |    13 |    88 |   136 |    20 ||   257
       Skin              |       |       |    44 |       ||    44
       Plate armour      |       |       |       |   184 ||   184
Dodge: Dodged            |    33 |    46 |    73 |   104 ||   256

Table legend: (Time is in decaauts)
 A = Elapsed time spent in this place.
 B = Non-inter-level travel time spent in this place.
 C = Inter-level travel time spent in this place.
 D = Time resting spent in this place.
 E = Time spent auto-exploring this place.
 F = Levels seen in this place.
 G = Mean time per level.
                   A        B        C        D        E       F      G
               +--------+--------+--------+--------+--------+-----+--------+
         Total |  11471 |  11139 |    332 |    883 |   8669 |  12 |  955.9 |
       Dungeon |  11471 |  11139 |    332 |    883 |   8669 |  12 |  955.9 |
               +--------+--------+--------+--------+--------+-----+--------+

Top non-repeatable levels by time:
     D:9: 1896 daAuts
     D:8: 1535 daAuts
     D:7: 1239 daAuts
     D:4: 1203 daAuts
    D:10: 997 daAuts
     D:2: 948 daAuts
     D:5: 896 daAuts
    D:11: 829 daAuts
     D:6: 829 daAuts
     D:1: 625 daAuts
     D:3: 448 daAuts
    D:14: 20 daAuts
